Map: Помечтай РВ

Players

ƎDǃBee - Winner!

  • Race: Zerg Zerg
  • League: Grandmaster
  • Spawn Location: 1:00

baeyang

  • Race: Terran Terran
  • League: Grandmaster
  • Spawn Location: 7:00

VOD

Have the link to the VOD?

Description

Time

  • Played on: May 12, 2020, 1:08 p.m.
  • Length: 11:51
Show
View Real Time Build Order
Export as new Build Order

ƎDǃBee Zerg - Winner!

Build Orders: Hatch First 

Get SALT Encoding   

  12  0:00  Drone  
  13  0:12  Overlord  
  13  0:16  Drone  
  14  0:30  Drone x2  
  16  0:47  Hatchery  
  15  0:50  Drone  
  15  0:54  Drone  
  17  0:57  Drone  
  18  1:08  Extractor  
  17  1:12  Spawning Pool  
  17  1:15  Drone  
  17  1:18  Drone  
  18  1:28  Drone  
  19  1:38  Drone  
  20  1:49  Drone  
  21  1:59  Overlord, Queen x2  
  21  2:00  Zergling x2  
  26  2:10  Zergling x2  
  27  2:16  Hatchery  
  27  2:20  Drone  
  27  2:23  Drone  
  27  2:24  Drone  
  29  2:30  Metabolic Boost  
  29  2:35  Drone  
  30  2:43  Overlord, Drone  
  31  2:47  Queen  
  33  2:51  Drone  
  33  2:53  Drone  
  33  2:55  Drone  
  36  3:04  Drone  
  37  3:07  Drone  
  37  3:12  Pneumatized Carapace  
  38  3:13  Drone x3  
  38  3:16  Drone  
  42  3:20  Overlord  
  42  3:25  Queen  
  44  3:29  Queen  
  44  3:32  Drone  
  47  3:36  Drone  
  47  3:37  Zergling x2  
  47  3:40  Drone x2  
  52  3:41  Zergling x2  
  52  3:43  Overlord  
  52  3:49  Drone x3  
  52  3:54  Overlord  
  55  4:02  Drone x3  
  58  4:07  Baneling Nest  
  57  4:10  Zergling x2  
  57  4:13  Overlord  
  57  4:14  Queen  
  57  4:15  Drone  
  57  4:16  Drone  
  62  4:20  Lair  
  62  4:21  Spore Crawler  
  62  4:23  Spore Crawler  
  60  4:25  Spore Crawler, Drone  
  60  4:30  Extractor  
  59  4:32  Spore Crawler, Drone x3  
  59  4:36  Zergling x6  
  64  4:49  Drone x4  
  64  4:50  Zergling x6  
  71  5:01  Drone  
  71  5:02  Drone x2  
  71  5:07  Overlord, Drone x3  
  73  5:20  Evolution Chamber x2  
  69  5:23  Drone x3  
  69  5:25  Drone x3  
  69  5:26  Drone x2, Extractor  
  76  5:29  Centrifical Hooks  
  76  5:31  Hatchery  
  75  5:36  Drone x2  
  75  5:37  Extractor  
  75  5:38  Extractor  
  75  5:40  Overlord  
  75  5:53  Drone x5  
  75  5:54  Overlord x3, Drone  
  75  5:55  Zergling x4  
  83  5:59  Infestation Pit, Overlord  
  83  6:00  Zerg Ground Armor Level 1  
  82  6:05  Queen  
  84  6:12  Hatchery, Zerg Melee Weapons Level 1  
  84  6:13  Zergling x10  
  88  6:23  Overlord  
  88  6:24  Zergling x14  
  95  6:32  Baneling x10  
  95  6:36  Zergling x10  
  100  6:42  Hive  
  100  6:44  Drone x5  
  105  6:51  Overlord  
  105  6:52  Zergling x8  
  109  6:58  Overlord, Infestor  
  109  7:00  Zergling x4  
  110  7:10  Drone x10  
  110  7:13  Infestor  
  122  7:21  Drone x2  
  122  7:22  Drone  
  125  7:24  Zergling x2  
  125  7:25  Zergling x10, Baneling  
  125  7:26  Baneling x10  
  131  7:30  Zergling x4  
  131  7:34  Zergling x2  
  134  7:37  Overlord  
  134  7:38  Zergling x8  
  134  7:42  Zergling x2  
  120  7:55  Zergling x14  
  120  7:57  Zerg Ground Armor Level 2  
  123  7:59  Zergling x12  
  129  8:07  Ultralisk Cavern, Extractor  
  129  8:09  Zergling x8  
  129  8:12  Hatchery  
  127  8:13  Adrenal Glands  
  127  8:15  Zergling x10  
  119  8:23  Zergling x4  
  119  8:24  Queen  
  119  8:25  Queen  
  119  8:30  Baneling x10  
  119  8:31  Zergling x12  
  119  8:33  Queen  
  128  8:34  Zergling x6  
  128  8:38  Overseer  
  130  8:41  Baneling x4  
  130  8:44  Zergling x8  
  130  8:46  Baneling x3  
  130  8:48  Zergling x10  
  137  8:56  Zergling x20  
  137  9:01  Zergling x2  
  133  9:03  Chitinous Plating  
  133  9:08  Zergling x14  
  139  9:16  Baneling x11  
  130  9:24  Unknown  
  130  9:27  Zerg Melee Weapons Level 2  
  130  9:31  Drone x3  
  130  9:32  Zergling x24  
  142  9:39  Ultralisk  
  142  9:42  Zergling x20  
  158  9:49  Zergling x16  
  159  9:56  Overlord x3  
  159  9:57  Overlord  
  159  10:01  Spore Crawler  
  159  10:06  Baneling x16  
  158  10:11  Drone  
  158  10:12  Drone x5  
  160  10:26  Ultralisk x2  
  163  10:32  Zergling x14  
  163  10:33  Zergling x8  
  168  10:44  Ultralisk  
  168  10:45  Zergling x2, Ultralisk  
  159  10:51  Baneling x11  
  158  10:58  Zergling x16, Spore Crawler  
  165  11:10  Zergling x14  
  172  11:21  Zergling x16  
Show
View Real Time Build Order
Export as new Build Order

baeyang Terran 

Build Orders: Liberator Opening, Reaper Expand 

Get SALT Encoding   

  12  0:00  SCV  
  13  0:12  SCV  
  14  0:16  Supply Depot  
  14  0:25  SCV  
  15  0:38  SCV  
  15  0:39  Barracks  
  16  0:44  Refinery  
  16  0:50  SCV  
  17  1:02  SCV  
  18  1:14  SCV  
  19  1:27  Reaper, Orbital Command  
  20  1:40  Command Center  
  20  1:49  Supply Depot  
  20  1:53  SCV  
  21  1:59  Marine  
  22  2:05  SCV  
  23  2:08  Factory  
  23  2:14  Refinery  
  23  2:17  SCV  
  23  2:21  Barracks Reactor  
  24  2:29  SCV  
  25  2:41  SCV  
  26  2:52  Starport  
  26  2:53  SCV  
  26  2:54  Orbital Command  
  27  3:02  Hellion x2  
  27  3:05  SCV  
  32  3:06  Supply Depot  
  32  3:08  Barracks Tech Lab  
  32  3:17  SCV  
  33  3:20  SCV  
  33  3:23  Hellion  
  36  3:29  SCV, Hellion  
  36  3:32  SCV  
  40  3:36  Liberator  
  43  3:41  SCV  
  43  3:45  Hellion  
  46  3:50  SCV  
  46  3:52  Supply Depot  
  46  3:54  Hellion  
  46  3:55  SCV  
  50  4:01  Barracks Tech Lab  
  50  4:02  SCV  
  51  4:07  SCV  
  52  4:14  SCV  
  53  4:18  Command Center  
  53  4:19  SCV  
  53  4:20  Stimpack, Marine  
  55  4:26  SCV  
  55  4:30  Starport Reactor  
  56  4:31  Barracks  
  56  4:33  SCV, Barracks  
  57  4:38  Siege Tank  
  57  4:39  SCV  
  57  4:45  Supply Depot  
  61  4:47  SCV  
  61  4:52  Engineering Bay  
  62  4:53  Engineering Bay  
  62  5:03  SCV x2, Marine  
  62  5:04  Refinery  
  62  5:08  Refinery  
  62  5:10  Siege Tank  
  65  5:15  SCV  
  65  5:16  SCV  
  65  5:19  Terran Infantry Weapons Level 1  
  65  5:21  Marine x3  
  68  5:24  Starport Reactor  
  70  5:29  SCV x2, Orbital Command  
  70  5:31  Marine x2  
  70  5:33  Terran Infantry Armor Level 1  
  74  5:38  Marine  
  74  5:39  Marine x2  
  74  5:41  SCV x2  
  79  5:49  Marine  
  78  5:50  Marine  
  78  5:53  SCV x2  
  78  5:55  Barracks x2  
  78  5:57  Supply Depot, Orbital Command  
  81  5:58  Marine  
  82  6:05  Supply Depot  
  82  6:06  Medivac  
  82  6:08  SCV  
  85  6:11  Armory, Combat Shield  
  85  6:18  SCV, Medivac, Marine x3  
  91  6:20  SCV  
  91  6:22  Marine  
  93  6:28  SCV, Marine  
  93  6:30  SCV  
  93  6:32  SCV  
  97  6:36  Marine  
  97  6:39  Marine x3  
  100  6:44  Supply Depot  
  101  6:49  Medivac x2, Marine  
  101  6:50  SCV x2  
  101  6:51  Supply Depot  
  109  7:01  Barracks Reactor  
  109  7:02  Barracks Reactor, SCV  
  109  7:05  SCV, Marine x3  
  104  7:08  Marine  
  104  7:09  Marine  
  104  7:11  Siege Tank  
  104  7:12  SCV  
  104  7:14  SCV  
  111  7:18  Drilling Claws, Refinery  
  111  7:19  Factory  
  111  7:22  Supply Depot  
  111  7:23  Marine x3  
  111  7:27  SCV x2  
  116  7:30  Marine  
  116  7:32  Marine  
  116  7:35  Medivac x2  
  123  7:40  Command Center  
  123  7:41  Marine  
  123  7:44  Marine x2  
  123  7:49  Marine  
  123  7:50  Marine  
  118  7:52  Marine  
  118  7:56  Marine x2  
  118  7:57  Siege Tank  
  115  7:59  Marine  
  115  8:00  SCV x2  
  115  8:01  Supply Depot, Terran Infantry Weapons Level 2  
  115  8:02  Marine  
  115  8:03  Terran Infantry Armor Level 2  
  118  8:07  Marine x3  
  118  8:08  Marine  
  118  8:11  Marine  
  123  8:14  Marine  
  123  8:15  SCV  
  123  8:16  Factory Reactor  
  109  8:20  SCV  
  109  8:21  SCV  
  109  8:27  SCV  
  110  8:30  Marine x4  
  110  8:32  SCV  
  113  8:36  Marine x5  
  113  8:40  Siege Tank  
  120  8:41  SCV  
  120  8:46  Liberator  
  120  8:48  Marine x2  
  125  8:49  Marine x2  
  128  9:01  Marine  
  128  9:02  Marine  
  107  9:04  Marine x2  
  107  9:05  Marine  
  107  9:06  SCV, Marine  
  107  9:07  Marine  
  107  9:09  Widow Mine x2  
  115  9:10  SCV x2  
  115  9:12  Marine  
  115  9:13  Marine  
  119  9:18  SCV, Marine  
  119  9:19  Marine  
  119  9:21  Marine  
  119  9:25  Marine  
  119  9:27  Marine  
  119  9:28  Marine  
  119  9:29  Marine  
  119  9:30  Liberator x2, Marine, Siege Tank  
  127  9:31  Marine  
  127  9:36  Marine  
  129  9:39  Marine  
  129  9:40  SCV x2, Widow Mine x2  
  129  9:41  SCV  
  137  9:47  Marauder  
  137  9:52  Marine  
  134  9:55  Marine  
  134  9:56  Marine x3  
  134  9:57  Marine x2  
  139  10:00  SCV  
  139  10:02  Sensor Tower  
  139  10:03  Marine  
  139  10:05  Planetary Fortress  
  138  10:08  SCV, Marauder  
  138  10:09  Command Center  
  138  10:11  SCV  
  141  10:21  Orbital Command  
  141  10:22  Marine  
  141  10:23  Marine x2  
  141  10:24  Marine  
  141  10:25  Marine  
  141  10:26  Marine  
  141  10:27  SCV  
  135  10:30  Marauder, Marine x2  
  135  10:33  SCV  
  131  10:40  SCV, Marine x3  
  131  10:42  Marine  
  129  10:43  Marine  
  129  10:44  SCV  
  129  10:45  SCV  
  129  10:48  Marine  
  129  10:49  Widow Mine  
  128  10:51  Marauder, Siege Tank  
  128  10:52  SCV  
  134  11:01  SCV, Medivac  
  137  11:08  Supply Depot  
  137  11:09  Supply Depot  
  137  11:10  Supply Depot  
  137  11:12  Marauder  
  137  11:15  Marine  
  140  11:20  Supply Depot  
  140  11:21  Marine x2  
  139  11:39  SCV  
Tags
 
Add a new tag
Caveats
  • Supply blocks, unpowered buildings, or Contaminate may cause inaccurate times.
  • Supply counts are checked every 10 seconds.